 Dungeon Sprint DCSS version 0.28.0-43-g3370ac3207 (webtiles) character file.

Game seed: 3519891501239536974

8705 boopmooplesden the Warrior (level 11, -13/181 HPs)
             Began as a Minotaur Berserker on Mar 22, 2022.
             Was the Champion of Trog.
             Mangled by Frances
             ... wielding a +2 war axe of holy wrath
              (21 damage)
             ... in the Dungeon (Sprint III: "The Ten Rune Challenge").
             The game lasted 00:06:03 (2055 turns).

boopmooplesden the Warrior (Minotaur Berserker)     Turns: 2055, Time: 00:06:03

Health: -13/181    AC: 18    Str: 29    XL:     11   Next: 13%
Magic:  10/10      EV: 10    Int:  4    God:    Trog [******]
Gold:   1332       SH:  0    Dex: 10    Spells: 10/10 levels left

rFire   . . .      SeeInvis .   C - +11 halberd of Neetsot {flame, Will+}
rCold   . . .      Faith    .   (shield currently unavailable)
rNeg    . . .      Spirit   .   z - +0 plate armour
rPois   .          Reflect  .   (helmet restricted)
rElec   .          Harm     .   k - +0 cloak
rCorr   .          Rampage  .   w - +1 pair of gloves {Str+3}
Will    +....      NoTele   +   (no boots)
Stlth   ..........              (no amulet)
HPRegen 0.40/turn               (no ring)
MPRegen 0.12/turn               (no ring)

@: berserking, slowed, unable to read
A: horns 2, retaliatory headbutt, inability to read while threatened
a: Renounce Religion, Berserk, Trog's Hand, Brothers in Arms


You were in the Dungeon.
You worshipped Trog.
Trog was exalted by your worship.
You visited 1 branch You collected 1599 gold pieces.
You spent 267 gold pieces at shops.

Inventory:

Hand Weapons
 a - a +0 spear
 j - a +4 quarterstaff of chaos
 l - a +2 long sword of holy wrath
 u - a +2 antimagic bardiche
 v - a +2 quarterstaff of flaming
 A - a +2 glaive
 B - a +2 double sword of flaming
 C - the +11 halberd of Neetsot (weapon) {flame, Will+}
   (Trog gifted it to you in the Dungeon)

   It burns those it strikes, dealing additional fire damage.
   Big, fiery blades are also staple armaments of hydra-hunters.
   Will:      It increases your willpower.
Armour
 b - a +0 animal skin
 k - a +0 cloak (worn)
 t - a +2 troll leather armour {Snorg}
 w - a +1 pair of gloves of strength (worn)
 z - a +0 plate armour (worn)
Wands
 r - a wand of paralysis (10)
Scrolls
 h - a scroll of blinking
 i - a scroll of amnesia {unknown}
 m - a scroll of holy word {unknown}
 n - a scroll of identify {unknown}
 p - 2 scrolls of immolation {unknown}
 q - a scroll of vulnerability {unknown}
 y - a scroll of fog {unknown}
Potions
 d - 4 potions of heal wounds
 e - a potion of haste
 f - 2 potions of magic
 g - a potion of berserk rage
 o - 3 potions of flight
 x - 2 potions of brilliance {unknown}
Miscellaneous
 s - a tin of tremorstones (1/2)


   Skills:
 + Level 18.6 Fighting
 + Level 17.0(19.6) Polearms
 + Level 16.3(19.3) Staves
 + Level 9.2 Armour
 + Level 8.2 Dodging
 + Level 0.3 Stealth
 + Level 3.4 Evocations


You had 10 spell levels left.
You didn't know any spells.
Your spell library was empty.

Dungeon Overview and Level Annotations

Branches:
Dungeon (1/1)

Altars:
Cheibriados
Dithmenos
Elyvilon
Fedhas
Gozag
Hepliaklqana
Kikubaaqudgha
Makhleb
Nemelex Xobeh
Okawaru
Qazlal
Ru
Sif Muna
Trog
Uskayaw
Vehumet
Wu Jian
Xom
Yredelemnul
Zin
The Shining One
Beogh
Jiyva
Lugonu

Shops:
D *

Annotations:
D Donald, Frances


Innate Abilities, Weirdness & Mutations

You have a pair of horns on your head.
You reflexively headbutt those who attack you in melee.
You sometimes lose the ability to read scrolls when taking damage.


Message History

You closely miss Frances. You headbutt Frances!!
Frances is heavily wounded.
Donald hits you with a +2 war axe of holy wrath!
Frances screams a word of power!
Frances seems to speed up.
The orange demon stings you but does no damage.
You puncture Frances! You burn Frances.
Frances is heavily wounded.
The sixfirhy barely misses you. Donald closely misses you.
Frances whispers indecipherable words.
The sixfirhy closely misses you.
You impale Frances!! You burn Frances. Your headbutt misses Frances.
Frances is severely wounded.
The sixfirhy hits you but does no damage.
The sixfirhy hits you. The sixfirhy shocks you! Donald misses you.
You furiously retaliate!
You headbutt Donald! The orange demon closely misses you.
Frances hits you with a +2 war axe of holy wrath.
The sixfirhy barely misses you.
You slash Frances! You burn Frances.
Frances is severely wounded.
The sixfirhy hits you but does no damage.
The sixfirhy closely misses you.
Donald hits you with a +2 war axe of holy wrath!!
* * * LOW HITPOINT WARNING * * *
Frances hits you with a +2 war axe of holy wrath!
* * * LOW HITPOINT WARNING * * *
The orange demon stings you but does no damage.
You barely miss Frances.
Frances is severely wounded.
The sixfirhy hits you but does no damage.
Donald closely misses you. You furiously retaliate!
You headbutt Donald.
Frances hits you with a +2 war axe of holy wrath!
* * * LOW HITPOINT WARNING * * *
You completely miss Frances.
Frances is severely wounded.
Donald hits you with a +2 war axe of holy wrath!!
* * * LOW HITPOINT WARNING * * *
Frances hits you with a +2 war axe of holy wrath!!
You die...

..###.#########
##########################
≈≈≈'.#.'...'.#.#.#)††††≈≈#
§§≈#.#.#...##.#.#.##†..≈≈#
§.§#.#.#)).#.#.#.#.#†.††≈≈≈#
§.§#...#...##.#.#.##††.†≈≈≈#
▓▓▓▓▓▓▓▓▓▓▓#.#4#.#.#.......#
##.#@#.##.......#
+.#.#@#.#.......#
##.#@#3########## #'#####
.@. #...# #...# #####


You could see Frances (fast), Donald (fast, strong), an orange demon (summoned)
and a sixfirhy (summoned).

Vanquished Creatures
  Snorg (D)
  A centaur warrior (D)
  An orc high priest (D)
  A deep elf knight (D)
  A deep elf zephyrmancer (D)
  2 deep elf pyromancers (D)
  An unseen horror (D)
  A queen bee (D)
  A shadow (D)
  A spatial vortex (D)
  2 orc warriors (D)
  A necrophage (D)
  2 centaurs (D)
  An earth elemental (D)
  A water elemental (D)
  32 killer bees (D)
  5 orc priests (D)
  A jelly (D)
  Crazy Yiuf (D)
  A wizard (D)
  A necromancer (D)
  3 humans (D)
  A kobold demonologist (D)
  6 orcs (D)
  An endoplasm (D)
  3 rats (D)
73 creatures vanquished.

Vanquished Creatures (collateral kills)
  A deep elf knight (D)
  A deep elf zephyrmancer (D)
  2 orc sorcerers (D)
  2 orc wizards (D)
6 creatures vanquished.

Grand Total: 79 creatures vanquished

Notes
Turn   | Place    | Note
-------+----------+-------------------------------------------
     0 | D        | boopmooplesden the Minotaur Berserker began the quest for
                  | the Orb.
     0 | D        | Reached XP level 1. HP: 19/19 MP: 0/0
     9 | D        | Reached skill level 4 in Fighting
    16 | D        | Reached ** piety under Trog
    47 | D        | Reached skill level 5 in Fighting
    47 | D        | Reached skill level 5 in Polearms
    47 | D        | Reached XP level 2. HP: 3/29 MP: 1/1
   324 | D        | Noticed Crazy Yiuf
   328 | D        | Killed Crazy Yiuf
   329 | D        | Reached skill level 6 in Fighting
   329 | D        | Reached XP level 3. HP: 23/38 MP: 2/2
   539 | D        | Gained mutation: You are covered in fur. (AC +1) [potion of
                  | mutation]
   539 | D        | Gained mutation: You have large cloven feet. [potion of
                  | mutation]
   540 | D        | Lost mutation: You have large cloven feet. [potion of
                  | mutation]
   540 | D        | Lost mutation: You are covered in fur. (AC +1) [potion of
                  | mutation]
   540 | D        | Gained mutation: You are dopey. (Int -2) [potion of
                  | mutation]
   540 | D        | Gained mutation: Your muscles are strong. (Str +2) [potion
                  | of mutation]
   541 | D        | Lost mutation: You are dopey. (Int -2) [potion of mutation]
   541 | D        | Lost mutation: Your muscles are strong. (Str +2) [potion of
                  | mutation]
   541 | D        | Gained mutation: You sometimes lose the ability to read
                  | scrolls when taking damage. [potion of mutation]
   555 | D        | Noticed a water elemental
   558 | D        | Killed a water elemental
   559 | D        | Reached skill level 7 in Fighting
   559 | D        | Reached XP level 4. HP: 48/48 MP: 3/3
   735 | D        | Found a radiant altar of Vehumet.
   735 | D        | Found a shimmering blue altar of Sif Muna.
   735 | D        | Found an ancient bone altar of Kikubaaqudgha.
   735 | D        | Noticed a wizard
   738 | D        | Killed a wizard
   738 | D        | Reached *** piety under Trog
   739 | D        | Reached skill level 8 in Fighting
   741 | D        | Reached XP level 5. HP: 56/56 MP: 4/4
   781 | D        | Found a glowing silver altar of Zin.
   781 | D        | Found a glowing golden altar of the Shining One.
   781 | D        | Found a white marble altar of Elyvilon.
   783 | D        | Noticed a deep elf pyromancer
   786 | D        | Noticed a fire elemental
   788 | D        | Noticed a fire elemental
   788 | D        | Killed a deep elf pyromancer
   788 | D        | Reached **** piety under Trog
   789 | D        | Reached skill level 11 in Fighting
   789 | D        | Reached skill level 1 in Staves
   789 | D        | Reached skill level 5 in Dodging
   789 | D        | Reached XP level 6. HP: 69/69 MP: 5/5
   789 | D        | Reached XP level 7. HP: 75/75 MP: 6/6
   837 | D        | Found a hide-covered altar of Uskayaw.
   837 | D        | Found an iron altar of Okawaru.
   837 | D        | Found a bloodstained altar of Trog.
   837 | D        | Found an ornate altar of the Wu Jian Council.
   837 | D        | Noticed a human
   837 | D        | Noticed a human
   849 | D        | Killed a human
   850 | D        | Reached skill level 12 in Fighting
   856 | D        | Killed a human
  1021 | D        | Found a basalt altar of Yredelemnul.
  1021 | D        | Found a shadowy altar of Dithmenos.
  1021 | D        | Found a sacrificial altar of Ru.
  1026 | D        | Reached ***** piety under Trog
  1027 | D        | Reached skill level 13 in Fighting
  1035 | D        | Noticed a shadow
  1038 | D        | Killed a shadow
  1039 | D        | Reached XP level 8. HP: 78/86 MP: 7/7
  1070 | D        | Found a blossoming altar of Fedhas.
  1070 | D        | Found a stormy altar of Qazlal.
  1070 | D        | Found a snail-covered altar of Cheibriados.
  1070 | D        | Found a burning altar of Makhleb.
  1070 | D        | Found a shimmering altar of Xom.
  1071 | D        | Found a hazy altar of Hepliaklqana.
  1071 | D        | Found an opulent altar of Gozag.
  1071 | D        | Found a sparkling altar of Nemelex Xobeh.
  1071 | D        | Found a corrupted altar of Lugonu.
  1071 | D        | Found a viscous altar of Jiyva.
  1094 | D        | Reached skill level 5 in Staves
  1104 | D        | Noticed Snorg
  1111 | D        | Killed Snorg
  1112 | D        | Reached skill level 14 in Fighting
  1237 | D        | Noticed an orc sorcerer
  1237 | D        | Noticed an orc sorcerer
  1238 | D        | Received a gift from Trog
  1241 | D        | Noticed an orc high priest
  1244 | D        | Killed an orc sorcerer
  1245 | D        | Reached skill level 15 in Fighting
  1245 | D        | Reached skill level 15 in Polearms
  1245 | D        | Reached XP level 9. HP: 54/97 MP: 8/8
  1246 | D        | Killed an orc sorcerer
  1247 | D        | Reached skill level 10 in Staves
  1249 | D        | Received a gift from Trog
  1252 | D        | Killed an orc high priest
  1253 | D        | Reached skill level 16 in Fighting
  1253 | D        | Reached skill level 1 in Evocations
  1258 | D        | Found Ficoecli's Assorted Antiques.
  1262 | D        | Received a gift from Trog
  1328 | D        | Bought a pair of embroidered gloves for 195 gold pieces
  1333 | D        | Bought 2 fizzy black potions for 46 gold pieces
  1333 | D        | Bought a scroll labelled ATUNUM IXZOG for 26 gold pieces
  1372 | D        | Noticed a deep elf knight
  1372 | D        | Noticed a deep elf pyromancer
  1372 | D        | Noticed a deep elf knight
  1372 | D        | Noticed a deep elf zephyrmancer
  1372 | D        | Noticed a deep elf zephyrmancer
  1379 | D        | Killed a deep elf knight
  1379 | D        | Killed a deep elf zephyrmancer
  1380 | D        | Reached XP level 10. HP: 109/110 MP: 9/9
  1382 | D        | Killed a deep elf pyromancer
  1382 | D        | Received a gift from Trog
  1383 | D        | Reached skill level 17 in Fighting
  1384 | D        | Killed a deep elf knight
  1387 | D        | Noticed a deep elf annihilator
  1390 | D        | Noticed a deep elf demonologist
  1390 | D        | Noticed a deep elf demonologist
  1393 | D        | Killed a deep elf zephyrmancer
  1678 | D        | Noticed a centaur warrior
  1682 | D        | Killed a centaur warrior
  1682 | D        | Received a gift from Trog
  1760 | D        | Reached skill level 18 in Fighting
  1760 | D        | Reached skill level 15 in Staves
  1902 | D        | Reached ****** piety under Trog
  1902 | D        | Identified the +11 halberd of Neetsot {flame, Will+} (Trog
                  | gifted it to you in the Dungeon)
  1902 | D        | Received a gift from Trog
  1903 | D        | Reached XP level 11. HP: 113/121 MP: 10/10
  1905 | D        | Received a gift from Trog
  1905 | D        | Received a gift from Trog
  2037 | D        | Noticed Donald
  2037 | D        | Noticed Frances
  2048 | D        | Noticed a sixfirhy
  2055 | D        | HP: 8/181 [Donald/+2 war axe of holy wrath (20)]
  2055 | D        | Mangled by Frances

Illustrated notes

Levels and vault maps discovered:
D:        dungeon_sprint_mu [sprint_mu_entry_forest, sprint_mu_temple_rooms,
          sprint_mu_d1_horrors, sprint_mu_d2_genie, sprint_mu_d3_branching,
          sprint_mu_orc_legion, sprint_mu_elf_gauntlet, sprint_mu_hive_nellie,
          sprint_mu_lair_fedhas, sprint_mu_vaults_butterflies,
          sprint_mu_slime_circle, sprint_mu_swamp_cave, sprint_mu_shoals_archi,
          sprint_mu_blade_basic, sprint_mu_crypt_fortress,
          sprint_mu_tomb_spiral, sprint_mu_vestibule_basic,
          sprint_mu_gehenna_hellfire, sprint_mu_dis_giant,
          sprint_mu_tartarus_statrot, sprint_mu_cocytus_islands, sprint_mu_zot1]

Skill      XL: |  1  2  3  4  5  6  7  8  9 10 11 |
---------------+----------------------------------+-----
Fighting       | 5 6 7 8 11 13 15 16 18 | 18.6
Polearms       | 5 6 7 8 12 13 15 16 17 | 17.0
Armour         | 3 4 6 7 8 9 |  9.2
Dodging        | 3 4 5 6 7 8 |  8.2
Staves         | 1 4 9 12 15 16 | 16.3
Evocations     | 1 3 |  3.4
Stealth        | |  0.3

Action                   |  1- 3 |  4- 6 |  7- 9 | 10-12 || total
-------------------------+-------+-------+-------+-------++-------
Melee: Spear             |    15 |       |       |       ||    15
       Headbutt          |     3 |       |    10 |     7 ||    20
       Quarterstaff      |     3 |     8 |    53 |    41 ||   105
       Halberd           |       |       |       |     8 ||     8
Invok: Berserk           |     2 |     2 |     4 |     2 ||    10
       Brothers in Arms  |       |       |     1 |     2 ||     3
Evoke: Tin of tremorston |       |       |     5 |     3 ||     8
  Use: Potion            |     3 |       |       |     3 ||     6
Armor: Animal skin       |     1 |       |     3 |       ||     4
       Troll leather arm |       |       |     1 |       ||     1
       Plate armour      |       |       |       |    37 ||    37
Dodge: Dodged            |     6 |     2 |    24 |    26 ||    58
